 Dungeon Crawl Stone Soup version 0.20.1-1-g8b1a95d (webtiles) character file.

56 JeffiDaFish the Stinger (level 3, -6/19 HPs)
             Began as a Gargoyle Venom Mage on July 29, 2017.
             Mangled by an orc
             ... wielding a +0 war axe
              (7 damage)
             ... on level 3 of the Dungeon.
             The game lasted 00:10:34 (1961 turns).

JeffiDaFish the Stinger (Gargoyle Venom Mage)       Turns: 1961, Time: 00:10:35

Health: -6/19      AC:  6    Str: 11    XL:     3   Next: 97%
Magic:  0/6        EV: 12    Int: 15    God:
Gold:   128        SH:  0    Dex: 11    Spells: 0/6 levels left

rFire    . . .     SeeInvis .   e - +0 dagger
rCold    . . .     Gourm    .   (no shield)
rNeg     + . .     Faith    .   a - +0 robe
rPois    ∞         Spirit   .   i - +0 helmet
rElec    +         Reflect  .   (no cloak)
rCorr    .         Harm     .   (no gloves)
MR       .....                  (no boots)
Stlth    ++........             (no amulet)
Regen    0.1/turn               (no ring)
MPRegen  0.1/turn               (no ring)

@: no status effects
A: negative energy resistance 1, electricity resistance, unbreathing,
petrification resistance, rot immunity, AC +3
a: no special abilities


You were on level 3 of the Dungeon.
You were hungry.

You visited 1 branch of the dungeon, and saw 3 of its levels.

You collected 128 gold pieces.

Inventory:

Hand Weapons
 e - a +0 dagger (weapon)
Armour
 a - a +0 robe (worn)
 i - a +0 helmet (worn)
Scrolls
 d - a scroll of teleportation
 h - 2 scrolls of remove curse
Potions
 g - a potion of flight
 m - a potion of heal wounds
Books
 b - a Young Poisoner's Handbook

   Spells                             Type                      Level
   a - Sting                          Conjuration/Poison           1
   b - Poisonous Vapours              Poison/Air                   2
   c - Mephitic Cloud                 Conjuration/Poison/Air       3
   d - Olgreb's Toxic Radiance        Poison                       4
   e - Venom Bolt                     Conjuration/Poison           5
 l - a book of Callings

   Spells                             Type                      Level
   a - Summon Small Mammal            Summoning                    1
   b - Call Imp                       Summoning                    2
   c - Call Canine Familiar           Summoning                    3
   d - Summon Guardian Golem          Hexes/Summoning              3
   e - Summon Lightning Spire         Summoning/Air                4
   f - Summon Ice Beast               Ice/Summoning                4
Comestibles
 c - 4 bread rations
 f - 2 royal jellies
 k - a meat ration


   Skills:
 + Level 0.2 Fighting
 + Level 0.1 Short Blades
 + Level 1.9 Dodging
 + Level 2.6 Stealth
 + Level 2.4 Spellcasting
 + Level 1.2 Conjurations
 + Level 0.2 Air Magic
 + Level 3.7 Poison Magic


You couldn't memorise any spells.
You knew the following spells:

 Your Spells              Type           Power        Failure   Level  Hunger
a - Sting                 Conj/Pois      #...         8%          1    #......
b - Poisonous Vapours     Pois/Air       #.....       14%         2    ###....
c - Mephitic Cloud        Conj/Pois/Air  #.......     30%         3    ###....


Dungeon Overview and Level Annotations

Branches:
Dungeon (3/15)

Altars:


Innate Abilities, Weirdness & Mutations

You are resistant to torment.
Your stone body is resilient. (AC +3)
You are immune to poison.
You resist negative energy. (rN+)
You are resistant to electric shocks. (rElec)
You can survive without breathing.
You are immune to petrification.
You are immune to rotting.


Message History

You hit the orc.
The orc is almost dead.
You closely miss the orc.
The orc is almost dead.
You are feeling hungry.
The orc misses you.
You hit the orc but do no damage.
The orc is almost dead.
The orc misses you.
You completely miss the orc.
The orc is almost dead.
The orc hits you with a war axe.
* * * LOW HITPOINT WARNING * * *
You barely miss the orc.
The orc is almost dead.
The orc closely misses you.
You closely miss the orc.
The orc is almost dead.
The orc hits you with a war axe!
You die...

##..>.#.........
#..÷.##......####...
#..#....#....##....
#...#..###....##...
#.#.#...##....##.. .
..#.#.#.##.#####.# ...
........##.#####.###....
.##...................(.
#......#####.o@.......
#......## #...####....
#.......###...# .
#.....#.#(...##
###...#......#
#..##...#### #..##..##
........# .........


You could see an orc.

Vanquished Creatures
  An adder (D:2)
  An ooze (D:2)
  A worm (D:3)
  3 bats
  2 giant cockroaches
  5 goblins (D:1)
  3 hobgoblins
  5 jackals
  4 kobolds
  A quokka (D:2)
  2 ball pythons
  5 frilled lizards
  4 rats
37 creatures vanquished.

Notes
Turn   | Place    | Note
-------+----------+-------------------------------------------
     0 | D:1      | JeffiDaFish the Gargoyle Venom Mage began the quest for the Orb.
     0 | D:1      | Reached XP level 1. HP: 10/10 MP: 3/3
   115 | D:1      | Reached XP level 2. HP: 15/15 MP: 0/5
   130 | D:1      | Learned a level 2 spell: Poisonous Vapours
   714 | D:2      | Found a faded altar of an unknown god.
   825 | D:2      | Reached XP level 3. HP: 19/19 MP: 3/6
  1122 | D:2      | Learned a level 3 spell: Mephitic Cloud
  1961 | D:3      | Mangled by an orc

Action                   || total
-------------------------++-------
Melee: Dagger            ||    93
 Cast: Sting             ||    26
       Poisonous Vapours ||    24
  Use: Potion            ||     5
       Scroll            ||     4
 Stab: Sleeping          ||     2
       Distracted        ||     1
  Eat: Chunk             ||     5
Armor: Robe              ||    25
Dodge: Dodged            ||    52
